[Event "November 21 Late 2023"]
[Site "https://www.chess.com"]
[Date "2023.11.21"]
[Round "1"]
[White "Blackwhite017"]
[Black "Hajiyev, Kanan"]
[Result "0-1"]
[Board "166"]
[TimeControl "180+1"]
[BlackFideId "13404148"]
[WhiteElo "2035"]
[BlackElo "2102"]
[BlackTeam "AZE"]
[WhiteClock "0:00:00"]
[BlackClock "0:00:28"]

1. e4 c6 2. Nf3 d5 3. exd5 cxd5 4. Ne5 Nc6 5. d4 Nf6 6. Bb5 Bd7 7. Nxd7 Qxd7 8. c3 e6 9. O-O Bd6 10. Qe2 O-O 11. Bg5 Ne4 12. Bh4 Qc7 13. Bg3 a6 14. Bd3 Bxg3 15. hxg3 f5 16. Nd2 Rf6 17. Rfe1 Raf8 18. Nf1 Rh6 19. Bxe4 fxe4 20. f3 exf3 21. gxf3 Qf7 22. Qg2 Qxf3 23. Qxf3 Rxf3 24. Kg2 Rf7 25. Re2 Rhf6 26. Rae1 h5 27. Nd2 Kh7 28. Rxe6 Rf2+ 0-1

[Event "November 21 Late 2023"]
[Site "https://www.chess.com"]
[Date "2023.11.21"]
[Round "1"]
[White "Kuegel, Tobias"]
[Black "Desideri, Ricardo Maruchi"]
[Result "1-0"]
[Board "167"]
[TimeControl "180+1"]
[WhiteFideId "4636295"]
[BlackFideId "2110440"]
[WhiteElo "2213"]
[BlackElo "1945"]
[WhiteTeam "GER"]
[BlackTeam "BRA"]
[WhiteClock "0:01:27"]
[BlackClock "0:01:35"]

1. e4 c5 2. Nf3 d6 3. d4 cxd4 4. Nxd4 Nf6 5. f3 a6 6. c4 e6 7. Be3 b6 8. Nc3 Bb7 9. Be2 Nbd7 10. O-O Be7 11. Qe1 Rc8 12. Qg3 O-O 13. Rac1 Qc7 14. Nd5 exd5 15. Nf5 Nh5 16. Nxe7+ Kh8 17. Qh4 Ndf6 18. Nxc8 Rxc8 19. cxd5 Qd7 20. Rxc8+ Qxc8 21. Rc1 Qd7 22. g4 1-0

[Event "November 21 Late 2023"]
[Site "https://www.chess.com"]
[Date "2023.11.21"]
[Round "1"]
[White "Castillo Pena, Patricia Evarista"]
[Black "Goltseva, Ekaterina"]
[Result "0-1"]
[Board "168"]
[TimeControl "180+1"]
[WhiteFideId "6412106"]
[BlackFideId "24173770"]
[WhiteElo "1861"]
[BlackElo "2139"]
[WhiteTeam "DOM"]
[BlackTeam "RUS"]
[WhiteClock "0:00:01"]
[BlackClock "0:00:12"]

1. d4 Nf6 2. Nf3 e6 3. e3 c5 4. Bd3 Nc6 5. b3 Be7 6. Bb2 O-O 7. O-O b6 8. Nbd2 Bb7 9. a3 d5 10. Qe2 Rc8 11. Rac1 Na5 12. Ne5 Ne4 13. c4 Nxd2 14. Qxd2 Nxb3 15. Bxh7+ Kxh7 16. Qc2+ Kg8 17. Qxb3 dxc4 18. Qxc4 cxd4 19. Qxd4 Qxd4 20. exd4 Bg5 21. Rxc8 Rxc8 22. f4 Be7 23. Rf2 f6 24. Ng6 Bd6 25. g3 Kf7 26. Nh4 Rc4 27. Re2 Ra4 28. Re3 b5 29. Rb3 a6 30. Ng2 Rc4 31. Ne3 Rc8 32. Kf2 Be4 33. Ke2 Bc2 34. Rc3 Rxc3 35. Bxc3 Be4 36. Bb4 Ke7 37. Kd2 Kd7 38. Kc3 Bc7 39. Bf8 g6 40. Bg7 Ke7 41. h4 Kf7 42. Bh6 Ba5+ 43. Kb3 Be1 44. g4 Bxh4 45. f5 exf5 46. gxf5 gxf5 47. Bf4 Bg5 48. Bxg5 fxg5 49. Kc3 Ke6 50. Kd2 f4 51. Ng4 Bf5 52. Nf2 Kd5 53. Kc3 g4 0-1

[Event "November 21 Late 2023"]
[Site "https://www.chess.com"]
[Date "2023.11.21"]
[Round "1"]
[White "Olsson, Linus"]
[Black "Mirza, Diana"]
[Result "1-0"]
[Board "169"]
[TimeControl "180+1"]
[WhiteFideId "1706098"]
[BlackFideId "2503999"]
[WhiteElo "2222"]
[BlackElo "1813"]
[WhiteTeam "SWE"]
[BlackTeam "IRL"]
[WhiteClock "0:00:55"]
[BlackClock "0:01:19"]

1. d4 Nf6 2. c4 g6 3. Nc3 c6 4. e4 Bg7 5. e5 Ng8 6. Nf3 d6 7. Bd3 dxe5 8. dxe5 Bg4 9. Bf4 Nd7 10. Qe2 e6 11. O-O-O Qa5 12. Rhe1 Ne7 13. Kb1 O-O-O 14. h3 Bf5 15. g4 Bxd3+ 16. Rxd3 Nc5 17. Rd6 Kb8 18. Red1 Nc8 19. Rxd8 Rxd8 20. a3 Qc7 21. b4 Nd7 22. Qd2 Bf8 23. Ne4 Be7 24. Nd6 Nxe5 25. Bxe5 Bxd6 26. c5 Bxe5 27. Qxd8 Qxd8 28. Rxd8 Kc7 29. Rxc8+ Kxc8 30. Nxe5 f5 31. g5 Kd8 32. f4 Ke7 33. Kc2 Kf8 34. Kc3 Kg7 35. Kc4 h6 36. h4 hxg5 37. hxg5 Kf8 38. Nxg6+ 1-0

[Event "November 21 Late 2023"]
[Site "https://www.chess.com"]
[Date "2023.11.21"]
[Round "1"]
[White "katharinareinecke"]
[Black "Richter, Paul"]
[Result "0-1"]
[Board "170"]
[TimeControl "180+1"]
[BlackFideId "2046350"]
[WhiteElo "1972"]
[BlackElo "2519"]
[BlackTeam "USA"]
[WhiteClock "0:00:00"]
[BlackClock "0:01:23"]

1. d4 Nf6 2. c4 g6 3. Nf3 Bg7 4. g3 O-O 5. Bg2 d6 6. O-O Nbd7 7. Nc3 e5 8. Qc2 exd4 9. Nxd4 Re8 10. e3 a6 11. b3 Rb8 12. Bb2 Ne5 13. Rad1 Bd7 14. h3 Nc6 15. Rfe1 Nxd4 16. exd4 c6 17. d5 c5 18. Ne2 Bf5 19. Qc1 h5 20. Nf4 Qa5 21. a3 b5 22. Bc3 b4 23. axb4 cxb4 24. Bd4 Nd7 25. Bxg7 Kxg7 26. Rxe8 Rxe8 27. Re1 Rxe1+ 28. Qxe1 Qa3 29. Qe3 Nc5 30. g4 hxg4 31. hxg4 Bxg4 32. Bf3 Bxf3 33. Qxf3 Qxb3 34. Qg4 Qb1+ 35. Kg2 Qf5 36. Qg3 b3 37. Ne2 Qe4+ 38. Kf1 b2 39. Qc3+ Qe5 40. Qxe5+ dxe5 41. Nc3 a5 42. Ke2 a4 43. Kd2 a3 44. Kc2 f5 45. Kb1 e4 46. Ka2 Nd3 47. Kxa3 f4 48. d6 Kf7 49. c5 Ke6 50. Ka2 e3 51. fxe3 fxe3 52. Nd1 e2 0-1

[Event "November 21 Late 2023"]
[Site "https://www.chess.com"]
[Date "2023.11.21"]
[Round "1"]
[White "Mazurkiewicz, Michal"]
[Black "Dias, Joao Batista"]
[Result "1-0"]
[Board "171"]
[TimeControl "180+1"]
[WhiteFideId "1124943"]
[BlackFideId "2108240"]
[WhiteElo "2124"]
[BlackElo "1907"]
[WhiteTeam "POL"]
[BlackTeam "BRA"]
[WhiteClock "0:00:31"]
[BlackClock "0:00:52"]

1. e4 e5 2. Nf3 Nc6 3. Bb5 d6 4. d4 exd4 5. Nxd4 Bd7 6. Bxc6 bxc6 7. Qf3 c5 8. Nf5 Ne7 9. O-O Nxf5 10. exf5 Be7 11. Nc3 O-O 12. Nd5 Bf6 13. Re1 Rb8 14. c3 c6 15. Nxf6+ Qxf6 16. b3 Qxf5 17. Qg3 d5 18. Be3 Rfe8 19. Bxc5 h6 20. Bxa7 Ra8 21. Rxe8+ Bxe8 22. Be3 Kh7 23. a4 Qc2 24. Bd4 f6 25. h4 Qxb3 26. a5 Qb5 27. Re1 Bg6 28. h5 Bxh5 29. Bxf6 Bg6 30. Re7 Rg8 31. Qc7 Qb1+ 32. Kh2 Qb8 33. Rxg7+ Rxg7 34. Qxb8 Rg8 35. Qc7+ 1-0

[Event "November 21 Late 2023"]
[Site "https://www.chess.com"]
[Date "2023.11.21"]
[Round "1"]
[White "Ivanov, Aleksandr"]
[Black "Baches Garcia, Guillermo"]
[Result "0-1"]
[Board "172"]
[TimeControl "180+1"]
[WhiteFideId "2092980"]
[BlackFideId "2209764"]
[WhiteElo "1929"]
[BlackElo "2519"]
[WhiteTeam "USA"]
[BlackTeam "ESP"]
[WhiteClock "0:00:00"]
[BlackClock "0:00:14"]

1. d4 d5 2. c4 e6 3. Nc3 a6 4. cxd5 exd5 5. Nf3 Nf6 6. Bg5 Be6 7. e3 Nbd7 8. Bd3 Bd6 9. O-O c6 10. h3 Qc7 11. Ne2 h6 12. Bf4 g5 13. Bxd6 Qxd6 14. Ng3 Rg8 15. Nd2 g4 16. h4 h5 17. Rc1 O-O-O 18. Qc2 Kb8 19. a3 Qe7 20. Ne2 g3 21. Nxg3 Ng4 22. Nf3 Nxe3 23. Qe2 Nxf1 24. Rxf1 Rde8 25. Re1 Qf6 26. Bxa6 Bg4 27. Qxe8+ Rxe8 28. Rxe8+ Kc7 29. Be2 Bxf3 30. Bxf3 Qxh4 31. Ne2 Qg5 32. Rh8 Nf6 33. g3 Qd2 34. Kg2 Qxb2 35. Rf8 Ne4 36. Rxf7+ Kb6 37. Rf4 Nd2 38. Bxh5 Qxa3 39. Rh4 Qe7 40. Bg4 Ne4 41. Bf3 Ka5 42. Nf4 b5 43. Rh5 b4 44. Nd3 b3 0-1

[Event "November 21 Late 2023"]
[Site "https://www.chess.com"]
[Date "2023.11.21"]
[Round "1"]
[White "Seletsky, Grigory"]
[Black "Saim, Mohamed Ilias"]
[Result "0-1"]
[Board "173"]
[TimeControl "180+1"]
[WhiteFideId "14112191"]
[BlackFideId "7900465"]
[WhiteElo "2482"]
[BlackElo "2063"]
[WhiteTeam "UKR"]
[BlackTeam "ALG"]
[WhiteClock "0:00:00"]
[BlackClock "0:00:05"]

1. b3 Nf6 2. Bb2 c5 3. Nf3 Nc6 4. c4 e6 5. e3 d5 6. d3 Be7 7. Be2 O-O 8. O-O b6 9. a3 Bb7 10. Qc2 Rc8 11. Nbd2 Qc7 12. e4 dxe4 13. dxe4 Rfd8 14. e5 Ng4 15. Qc3 Nd4 16. Nxd4 cxd4 17. Qg3 Nxe5 18. f4 Ng6 19. Bd3 f5 20. Rae1 Bh4 21. Qh3 Bxe1 22. Rxe1 Nxf4 23. Qg3 Nxd3 24. Qxd3 Re8 25. b4 e5 26. Qxf5 Qf7 27. Qg4 Qg6 28. Qxg6 hxg6 29. Nf3 Rxc4 30. Nxd4 Rd8 31. Nf3 Rc2 32. Bxe5 Bxf3 33. gxf3 Re8 34. f4 g5 35. fxg5 Ra2 36. Re3 Ra1+ 37. Kg2 Rd1 38. Kf3 Rd5 39. Kf4 Kf7 40. Kf5 g6+ 41. Kf4 Rd1 42. h3 Rf1+ 43. Kg4 Rf5 44. Bd4 Rxe3 45. Bxe3 Rd5 46. a4 Rd3 47. Kf3 Ra3 48. a5 bxa5 49. bxa5 Rxa5 50. Ke4 Ra2 51. Kd5 Ra3 52. Bc5 Ra5 53. Kc4 a6 54. Kb4 Rb5+ 55. Kc4 Rb1 56. Bb4 Ke6 57. Kc5 Kf5 58. Bd2 Rb5+ 59. Kc4 Ke4 60. h4 Kf5 61. Be3 Kg4 62. Bf2 Rb2 63. Bd4 Rb5 64. Bc3 Kxh4 65. Bf6 Kg4 66. Kd4 Rxg5 67. Kc4 Rf5 68. Be7 Rb5 69. Kd4 Kf4 0-1

[Event "November 21 Late 2023"]
[Site "https://www.chess.com"]
[Date "2023.11.21"]
[Round "1"]
[White "Burke, Paul"]
[Black "Horak, Martin"]
[Result "0-1"]
[Board "174"]
[TimeControl "180+1"]
[WhiteFideId "2605767"]
[BlackFideId "367095"]
[WhiteElo "1848"]
[BlackElo "2091"]
[WhiteTeam "CAN"]
[BlackTeam "CZE"]
[WhiteClock "0:00:00"]
[BlackClock "0:00:08"]

1. e4 c5 2. Nf3 Nc6 3. d4 cxd4 4. c3 dxc3 5. Nxc3 d6 6. Bc4 a6 7. O-O Nf6 8. h3 e6 9. Qe2 Qc7 10. Rd1 Be7 11. Bg5 O-O 12. Rac1 Qb8 13. a3 b5 14. Ba2 Bb7 15. Bb1 Rd8 16. Qc2 Ne5 17. Nd4 Ng6 18. Be3 d5 19. exd5 Nxd5 20. Nxd5 Bxd5 21. b4 Qb7 22. f3 Rac8 23. Qf2 Bf6 24. Rxc8 Rxc8 25. Bxg6 hxg6 26. Ne2 Rc2 27. Rd2 Qc7 28. Rxc2 Qxc2 29. Nd4 Qb1+ 30. Kh2 Be5+ 31. g3 Bd6 32. Qd2 Qf1 33. Qf2 Qd3 34. Nc2 Bb3 35. Ne1 Qb1 36. Qd2 Be7 37. Bf2 Bd5 38. Qf4 Qa2 39. Kg1 Qxa3 40. Qb8+ Kh7 41. Qf4 Qxb4 42. Qe3 a5 43. Nd3 Qc3 44. Qe2 Bc4 0-1

[Event "November 21 Late 2023"]
[Site "https://www.chess.com"]
[Date "2023.11.21"]
[Round "1"]
[White "NigelDwarf"]
[Black "DAVIDHDZSTS"]
[Result "1-0"]
[Board "175"]
[TimeControl "180+1"]
[WhiteElo "2515"]
[BlackElo "1834"]
[WhiteClock "0:01:36"]
[BlackClock "0:01:13"]

1. Nf3 e6 2. c4 Nf6 3. Nc3 d5 4. d4 Be7 5. Bf4 Nbd7 6. e3 c6 7. Qc2 O-O 8. Bd3 g6 9. h4 Nh5 10. Bh6 Re8 11. g4 Ng7 12. h5 Bf8 13. Ng5 f5 14. O-O-O dxc4 15. Bxc4 Nb6 16. Bd3 Be7 17. Nxh7 Kxh7 18. hxg6+ Kxg6 19. gxf5+ exf5 20. Rdg1+ Kf7 21. Rxg7+ Ke6 22. Bxf5+ Kd6 23. Bf4# 1-0

[Event "November 21 Late 2023"]
[Site "https://www.chess.com"]
[Date "2023.11.21"]
[Round "1"]
[White "Vargas, Mauricio"]
[Black "Petukhov, Dmitry"]
[Result "0-1"]
[Board "176"]
[TimeControl "180+1"]
[WhiteFideId "4404572"]
[BlackFideId "4142748"]
[WhiteElo "1988"]
[BlackElo "2269"]
[WhiteTeam "COL"]
[BlackTeam "RUS"]
[WhiteClock "0:00:00"]
[BlackClock "0:01:02"]

1. e4 c5 2. Nc3 d6 3. f4 Nc6 4. Nf3 e6 5. Bb5 Bd7 6. Bxc6 Bxc6 7. O-O Nf6 8. d3 Be7 9. Qe1 O-O 10. h3 d5 11. e5 Nd7 12. Qg3 Kh8 13. Qh2 f5 14. g4 d4 15. Ne2 g5 16. Nxg5 Bxg5 17. fxg5 fxg4 18. hxg4 Rxf1+ 19. Kxf1 Qf8+ 20. Kg1 Qf3 21. g6 Qxg4+ 22. Kf2 Rf8+ 23. Ke1 Qxg6 24. Bh6 Rf5 25. Bf4 Bf3 26. Bg3 Qg4 27. Nf4 Nxe5 28. Nxe6 Bd5 29. Bxe5+ Kg8 30. Qg3 Qxg3+ 31. Bxg3 Bxe6 32. Ke2 Kf7 33. Rh1 h5 0-1

[Event "November 21 Late 2023"]
[Site "https://www.chess.com"]
[Date "2023.11.21"]
[Round "2"]
[White "MKlose11"]
[Black "Carlsen, Magnus"]
[Result "1/2-1/2"]
[Board "1"]
[TimeControl "180+1"]
[BlackFideId "1503014"]
[WhiteElo "2640"]
[BlackElo "2887"]
[BlackTeam "NOR"]
[WhiteClock "0:00:27"]
[BlackClock "0:01:18"]

1. e4 a6 2. d4 Nc6 3. Bd3 d6 4. c3 e5 5. Nf3 Bg4 6. Be3 g6 7. h3 Bxf3 8. Qxf3 Bh6 9. O-O Bxe3 10. Qxe3 Qf6 11. d5 Nb8 12. f4 Nd7 13. Nd2 Qe7 14. a4 exf4 15. Rxf4 Ngf6 16. Raf1 O-O 17. Qd4 Nh5 18. R4f2 Ne5 19. Nc4 Nxc4 20. Qxc4 a5 21. Rf3 f6 22. Qd4 g5 23. Bc2 Nf4 24. Kh2 Rae8 25. g3 Ng6 26. Rxf6 Rxf6 27. Qxf6 Qxf6 28. Rxf6 Kg7 29. Rf5 h6 30. Kg2 Ne5 31. b3 Rb8 32. c4 Kg6 33. Kf2 h5 34. h4 gxh4 35. gxh4 b6 36. Bd1 Rh8 37. Ke3 Kg7 38. Rxh5 Rxh5 39. Bxh5 Kf6 40. Be2 Ng6 41. h5 Ne5 42. Kf4 Nd7 43. h6 Nc5 44. Bd1 Kg6 45. Bc2 Kxh6 46. e5 Kg7 47. e6 Kf6 48. Ke3 Ke7 49. Kd4 Kf6 50. Ke3 Na6 51. Kd4 Ke7 52. Ke3 Nb4 53. Bb1 Na6 54. Kd4 Nc5 55. Bc2 Kf6 56. Bd1 Na6 57. Bc2 Nc5 1/2-1/2

[Event "November 21 Late 2023"]
[Site "https://www.chess.com"]
[Date "2023.11.21"]
[Round "2"]
[White "Nakamura, Hikaru"]
[Black "Vasquez Vargas, Henry Richard"]
[Result "1-0"]
[Board "2"]
[TimeControl "180+1"]
[WhiteFideId "2016192"]
[BlackFideId "3836878"]
[WhiteElo "2874"]
[BlackElo "2012"]
[WhiteTeam "USA"]
[BlackTeam "PER"]
[WhiteClock "0:01:00"]
[BlackClock "0:00:12"]

1. Nf3 Nf6 2. b3 e6 3. Bb2 a5 4. a3 d5 5. e3 Be7 6. c4 O-O 7. cxd5 exd5 8. d4 Bg4 9. Nbd2 c6 10. Bd3 Nbd7 11. Qc2 h6 12. h3 Bxf3 13. Nxf3 Bd6 14. Ne5 Re8 15. f4 Ne4 16. Bxe4 dxe4 17. O-O f5 18. Qc4+ Kh7 19. Qf7 Bxe5 20. dxe5 Rf8 21. Qc4 Nb6 22. Qc5 Nd5 23. Rad1 Qe8 24. Kh2 Qe6 25. Qc4 Rfe8 26. Rfe1 a4 27. g4 g6 28. b4 fxg4 29. Qxe4 gxh3 30. Rg1 Qf5 31. Qxf5 gxf5 32. Bd4 Nc7 33. e4 Ne6 34. exf5 Nxf4 35. e6 Rg8 36. Be5 Nd5 37. f6 Rg5 38. Rxg5 hxg5 39. f7 Kg6 40. Rf1 1-0

[Event "November 21 Late 2023"]
[Site "https://www.chess.com"]
[Date "2023.11.21"]
[Round "2"]
[White "Taboas Rodriguez, Daniel"]
[Black "Martinez Alcantara, Jose Eduardo"]
[Result "0-1"]
[Board "3"]
[TimeControl "180+1"]
[WhiteFideId "2208466"]
[BlackFideId "3805662"]
[WhiteElo "2365"]
[BlackElo "2703"]
[WhiteTeam "ESP"]
[BlackTeam "PER"]
[WhiteClock "0:00:20"]
[BlackClock "0:01:02"]

1. d4 Nf6 2. Nf3 e6 3. c4 Bb4+ 4. Nbd2 O-O 5. a3 Be7 6. e4 d6 7. Bd3 Nfd7 8. O-O e5 9. d5 a5 10. b3 g6 11. Bb2 c5 12. Bc3 f5 13. b4 Na6 14. bxa5 f4 15. h3 h5 16. Nh2 Qe8 17. Be2 Nf6 18. Rb1 Bd8 19. f3 g5 20. Rb5 Rf7 21. Qb3 Rg7 22. Rb1 Qg6 23. Rb6 Bxb6 24. Qxb6 Nd7 25. Qd8+ Kh7 26. Bd1 Qf6 27. Qe8 Qf7 28. Qd8 Qe7 29. Qxe7 Rxe7 30. Ba4 Nc7 31. Kf2 Ne8 32. Bb5 Ndf6 33. Ke2 Rg7 34. a4 Kg8 35. Kd3 Kf8 36. a6 Ra7 37. axb7 Rgxb7 38. Nb3 g4 39. hxg4 hxg4 40. Na5 Rh7 41. Nxg4 Bxg4 42. fxg4 Rag7 43. Nc6 Rxg4 44. a5 Rg3+ 45. Kc2 Nxe4 46. Be1 Rxg2+ 47. Kb3 Rh3+ 48. Ka4 Ra2# 0-1

[Event "November 21 Late 2023"]
[Site "https://www.chess.com"]
[Date "2023.11.21"]
[Round "2"]
[White "Nihal Sarin"]
[Black "Koksal, Ege"]
[Result "1-0"]
[Board "4"]
[TimeControl "180+1"]
[WhiteFideId "25092340"]
[BlackFideId "6317626"]
[WhiteElo "2689"]
[BlackElo "2230"]
[WhiteTeam "IND"]
[BlackTeam "TUR"]
[WhiteClock "0:00:17"]
[BlackClock "0:00:00"]

1. c4 c6 2. Nf3 d5 3. e3 Nf6 4. Nc3 Bg4 5. cxd5 Nxd5 6. Qb3 Qb6 7. Nxd5 Qxb3 8. axb3 cxd5 9. Ne5 Bd7 10. d4 Nc6 11. Nxd7 Kxd7 12. Bd2 e6 13. Bd3 Bb4 14. Bc3 Rhc8 15. Ke2 a6 16. Rhc1 g6 17. g4 Bd6 18. h4 h6 19. Rh1 Rc7 20. f4 Be7 21. Raf1 Rg8 22. f5 gxf5 23. gxf5 Rg2+ 24. Kf3 Rg8 25. Be1 Bb4 26. Bf2 Bd6 27. Rhg1 Rcc8 28. f6 Rcf8 29. Bh7 Rh8 30. Rg7 e5 31. Bf5+ Kc7 32. Be6 exd4 33. exd4 Kb6 34. Bxd5 Nb4 35. Bxf7 Nd3 36. Be3 Nxb2 37. Ke2 Rc8 38. Bd5 Rc2+ 39. Kf3 Re8 40. Rxb7+ 1-0

[Event "November 21 Late 2023"]
[Site "https://www.chess.com"]
[Date "2023.11.21"]
[Round "2"]
[White "Dobrikov, Marco"]
[Black "Andreikin, Dmitry"]
[Result "0-1"]
[Board "5"]
[TimeControl "180+1"]
[WhiteFideId "12950378"]
[BlackFideId "4158814"]
[WhiteElo "2394"]
[BlackElo "2741"]
[WhiteTeam "GER"]
[BlackTeam "FID"]
[WhiteClock "0:00:32"]
[BlackClock "0:01:58"]

1. d4 Nf6 2. Nf3 e6 3. c4 b6 4. g3 Ba6 5. Qc2 c6 6. Bg2 d5 7. b3 Be7 8. O-O Nbd7 9. Bb2 Rc8 10. Nbd2 c5 11. e3 O-O 12. Rac1 cxd4 13. exd4 dxc4 14. bxc4 b5 15. c5 Nd5 16. Rfe1 Bb7 17. a4 bxa4 18. Qxa4 Bc6 19. Qc2 Rb8 20. Nc4 Nb4 21. Qd1 Bd5 22. Ba3 Nc6 23. Ne3 Nf6 24. Nxd5 Nxd5 25. Rb1 Bf6 26. Rxb8 Qxb8 27. Qd3 Qc7 28. Bc1 Rb8 29. Be3 a5 30. Rb1 a4 31. Nd2 h6 32. Ra1 Rb4 33. Nc4 Qb8 34. Bxd5 exd5 35. Nb6 Bxd4 36. Nxd5 Bxa1 37. Nxb4 Qxb4 38. Qd7 Qb1+ 39. Kg2 Qe4+ 40. Kg1 a3 41. Qc8+ Kh7 42. Qa8 Bb2 43. h4 Qb1+ 44. Kh2 a2 45. Qxa2 Qxa2 0-1

[Event "November 21 Late 2023"]
[Site "https://www.chess.com"]
[Date "2023.11.21"]
[Round "2"]
[White "Erigaisi Arjun"]
[Black "Poltorak, Sebastian"]
[Result "1-0"]
[Board "6"]
[TimeControl "180+1"]
[WhiteFideId "35009192"]
[BlackFideId "1199498"]
[WhiteElo "2729"]
[BlackElo "2250"]
[WhiteTeam "IND"]
[BlackTeam "POL"]
[WhiteClock "0:00:25"]
[BlackClock "0:00:04"]

1. b3 c5 2. Bb2 Nc6 3. e3 Nf6 4. Nf3 d5 5. Bb5 Qb6 6. c4 dxc4 7. bxc4 a6 8. Bxc6+ Qxc6 9. O-O Bg4 10. h3 Bxf3 11. Qxf3 Qxf3 12. gxf3 b5 13. Rc1 b4 14. d4 e6 15. Nd2 Be7 16. Ne4 Nxe4 17. fxe4 O-O 18. Kf1 f6 19. Ke2 a5 20. a4 Kf7 21. f4 Bd6 22. e5 Bb8 23. d5 Re8 24. d6 f5 25. Kf3 g6 26. h4 h5 27. e4 fxe4+ 28. Kxe4 Ba7 29. Rg1 Bb6 30. Rg2 Bd8 31. Rag1 Rg8 32. Rh1 Ra7 33. Bc1 Rd7 34. Be3 Bb6 35. Rhg1 Rdd8 36. Rg5 Ba7 37. Kf3 Bb6 38. Rd1 Rd7 39. Rd2 Ba7 40. Rdg2 Rdd8 41. f5 exf5 42. e6+ Kxe6 43. Rxg6+ Rxg6 44. Rxg6+ Kf7 45. Rh6 Kg7 46. Re6 Rd7 47. Kf4 b3 48. Bc1 Bb8 49. Bb2+ Kf7 50. Rf6+ Ke8 51. Be5 Bxd6 52. Bxd6 Rf7 53. Rxf7 Kxf7 54. Be5 1-0

[Event "November 21 Late 2023"]
[Site "https://www.chess.com"]
[Date "2023.11.21"]
[Round "2"]
[White "Maltsevskaya, Aleksandra"]
[Black "Le, Quang Liem"]
[Result "0-1"]
[Board "7"]
[TimeControl "180+1"]
[WhiteFideId "24174041"]
[BlackFideId "12401137"]
[WhiteElo "2296"]
[BlackElo "2665"]
[WhiteTeam "POL"]
[BlackTeam "VIE"]
[WhiteClock "0:00:04"]
[BlackClock "0:01:19"]

1. e4 c5 2. Nf3 Nc6 3. d4 cxd4 4. Nxd4 e5 5. Nb5 d6 6. N1c3 a6 7. Na3 Be6 8. Bc4 Rc8 9. O-O b5 10. Bxe6 fxe6 11. Ne2 Nf6 12. Ng3 d5 13. exd5 exd5 14. c3 Bxa3 15. bxa3 O-O 16. Bg5 h6 17. Bxf6 Rxf6 18. a4 Ne7 19. axb5 axb5 20. Qb3 Qa5 21. Ne2 Rc4 22. Rab1 Rb6 23. Rfe1 Kh8 24. Qb2 Ng6 25. Qd2 d4 26. Rec1 Nh4 27. Qd3 Qa8 28. Qg3 Rg6 29. cxd4 Rxg3 0-1

[Event "November 21 Late 2023"]
[Site "https://www.chess.com"]
[Date "2023.11.21"]
[Round "2"]
[White "Theodorou, Nikolas"]
[Black "Wieczorek, Oskar"]
[Result "1-0"]
[Board "8"]
[TimeControl "180+1"]
[WhiteFideId "4262875"]
[BlackFideId "1133950"]
[WhiteElo "2525"]
[BlackElo "2407"]
[WhiteTeam "GRE"]
[BlackTeam "POL"]
[WhiteClock "0:00:05"]
[BlackClock "0:00:00"]

1. Nf3 c5 2. b3 d6 3. e4 Nc6 4. c3 Nf6 5. Bd3 e5 6. O-O g6 7. Bc2 Bg7 8. h3 O-O 9. Re1 h6 10. Bb2 d5 11. exd5 Nxd5 12. Na3 Nf4 13. Nc4 Bxh3 14. gxh3 Qd7 15. Re3 Nxh3+ 16. Kf1 Qg4 17. Re4 Nf4 18. Ne3 Qh3+ 19. Kg1 Rad8 20. Qf1 Qxf3 21. d3 f5 22. Rc4 Ne2+ 23. Kh2 e4 24. Rxc5 exd3 25. Bd1 Be5+ 26. Rxe5 Nxe5 27. Qg2 Qf4+ 28. Kh1 Qh4+ 29. Qh2 Qe4+ 30. Qg2 Nf3 31. Qxg6+ Kh8 32. Qxh6+ Kg8 33. Qg6+ Kh8 34. c4+ Nfd4+ 35. Ng2 Rd7 36. Bxe2 Rh7+ 37. Kg1 Rg7 38. Bxd4 Qxd4 39. Qh6+ Kg8 40. Rd1 dxe2 41. Rxd4 e1=Q+ 42. Kh2 Qe5+ 43. Qf4 Qxf4+ 44. Nxf4 Rf6 45. Nh3 Rh6 46. Rf4 Rgh7 47. Rf3 Rf7 48. Kg2 Rg7+ 49. Kf1 Rg4 50. Nf4 Rd6 51. Nd5 b5 52. Ne7+ 1-0

[Event "November 21 Late 2023"]
[Site "https://www.chess.com"]
[Date "2023.11.21"]
[Round "2"]
[White "Bortnyk, Olexandr"]
[Black "Feng, Eric"]
[Result "0-1"]
[Board "9"]
[TimeControl "180+1"]
[WhiteFideId "14120828"]
[BlackFideId "30952590"]
[WhiteElo "2725"]
[BlackElo "1785"]
[WhiteTeam "UKR"]
[BlackTeam "USA"]
[WhiteClock "0:00:00"]
[BlackClock "0:00:21"]

1. e4 c6 2. d4 d5 3. Nc3 dxe4 4. Nxe4 Bf5 5. Ng3 Bg6 6. h4 h6 7. Nh3 e6 8. Nf4 Bh7 9. Nfh5 Nf6 10. c3 Nbd7 11. Bc4 Nxh5 12. Nxh5 Nf6 13. Bf4 Bg6 14. Nxf6+ Qxf6 15. Be5 Qe7 16. Qg4 O-O-O 17. O-O Qd7 18. Rfe1 Bf5 19. Qg3 Rg8 20. b4 g5 21. hxg5 Rxg5 22. Qh2 Be7 23. Qxh6 Rdg8 24. g3 Bd6 25. Kg2 Bf8 26. Qh1 Be7 27. Re3 Bg4 28. Qh7 Bf5 29. Qh6 R5g6 30. Qh5 Bg5 31. Rae1 f6 32. Rf3 Rh6 33. Qxh6 Bxh6 34. Rxf5 exf5 35. Bxg8 fxe5 36. Rxe5 Kc7 37. Be6 Qd6 38. f4 Bg7 39. Re3 a5 40. a3 a4 41. Kf2 Bh6 42. Bxf5 Qf6 43. Bc2 Bf8 44. Bxa4 Bd6 45. Bd1 Qf7 46. a4 Qa2+ 47. Ke1 Qb2 48. a5 Qc1 49. Ke2 Qb2+ 50. Ke1 Qg2 51. Be2 Qg1+ 52. Kd2 Qf2 53. Rf3 Qg2 54. Kd3 Qh3 55. Kd2 Qg2 56. Kd3 b6 57. axb6+ Kxb6 58. Ke3 Qg1+ 59. Kd2 Qb1 60. Bd1 Qg6 61. Bc2 Qg4 62. Be4 Qe6 63. Kd3 Qg8 64. f5 Bxg3 65. f6 Bd6 66. f7 Qg7 67. Rf5 Bf8 68. Rf3 Qg5 69. Kc2 Qe7 70. Kd3 Qd6 71. Rf5 Bg7 72. Rf3 Bf8 73. Ke3 Qh6+ 74. Ke2 Qh2+ 75. Kd3 Kb5 76. Rf6 Ka4 77. Bxc6+ Kb3 78. Bd5+ Kb2 79. Rf3 Qc2+ 80. Ke3 Bh6+ 81. Rf4 Qc1+ 82. Kd3 Qxf4 83. Kc4 Bf8 84. b5 Qd6 85. Bc6 Qe6+ 86. Bd5 Qc8+ 87. Bc6 Qc7 88. Kd3 Qxf7 89. b6 Bd6 90. b7 Kb3 91. Ke4 Kxc3 92. d5 Qe7+ 93. Kf3 Kd4 94. b8=Q Bxb8 0-1

[Event "November 21 Late 2023"]
[Site "https://www.chess.com"]
[Date "2023.11.21"]
[Round "2"]
[White "Principe, Gerson"]
[Black "Hakobyan, Aram"]
[Result "0-1"]
[Board "10"]
[TimeControl "180+1"]
[WhiteFideId "3804550"]
[BlackFideId "13306677"]
[WhiteElo "2186"]
[BlackElo "2584"]
[WhiteTeam "PER"]
[BlackTeam "ARM"]
[WhiteClock "0:00:07"]
[BlackClock "0:00:04"]

1. d4 d5 2. Nf3 Nf6 3. c4 dxc4 4. e3 e6 5. Bxc4 a6 6. a4 Nbd7 7. O-O c5 8. Nc3 Qc7 9. Bd3 Bd6 10. Qe2 O-O 11. Rd1 b6 12. Bd2 Bb7 13. Rac1 e5 14. dxe5 Nxe5 15. Nxe5 Bxe5 16. f4 Bd6 17. g3 Rfe8 18. e4 c4 19. Bb1 Bc5+ 20. Kf1 Qc8 21. Kg2 b5 22. Qf3 b4 23. Nd5 Nxd5 24. exd5 Bxd5 25. Qxd5 Re2+ 26. Kf1 Rf2+ 27. Ke1 Rxh2 28. Be4 Rb8 29. Rxc4 Qg4 30. Qd3 Bf2+ 31. Kf1 Qxd1+ 0-1

[Event "November 21 Late 2023"]
[Site "https://www.chess.com"]
[Date "2023.11.21"]
[Round "2"]
[White "Esipenko, Andrey"]
[Black "Golubev, Mikhail"]
[Result "1-0"]
[Board "11"]
[TimeControl "180+1"]
[WhiteFideId "24175439"]
[BlackFideId "14100983"]
[WhiteElo "2615"]
[BlackElo "2352"]
[WhiteTeam "FID"]
[BlackTeam "UKR"]
[WhiteClock "0:00:49"]
[BlackClock "0:00:05"]

1. Nf3 d6 2. d4 Nf6 3. g3 g6 4. Bg2 Bg7 5. O-O O-O 6. Re1 Nbd7 7. e4 e5 8. Nc3 Re8 9. h3 b6 10. a4 a5 11. Be3 exd4 12. Nxd4 Bb7 13. Bf4 Nc5 14. e5 Nh5 15. Bxb7 Nxb7 16. Qf3 dxe5 17. Nc6 Qf6 18. Nd5 Qd6 19. Rad1 exf4 20. Nde7+ Rxe7 21. Nxe7+ 1-0